 Dungeon Crawl Stone Soup version 0.17.0-24-gcfadda4 (webtiles) character file.

22 oplop the Insei (level 2, -2/18 HPs)
             Began as an Octopode Transmuter on Nov 15, 2015.
             Slain by an adder (4 damage)
             ... on level 2 of the Dungeon.
             The game lasted 00:01:09 (677 turns).

oplop the Insei (Octopode Transmuter)                Turns: 677, Time: 00:01:09

Health: -2/18      AC:  1    Str:  9    XL:     2   Next: 91%
Magic:  5/5        EV: 12    Int: 15    God:
Gold:   68         SH:  0    Dex: 12    Spells: 2 memorised, 2 levels left

rFire  . . .     SeeInvis .       - Unarmed
rCold  . . .     Clarity  .     (no shield)
rNeg   . . .     SustAt   .     (helmet restricted)
rPois  .         Gourm    .     g - amulet of regeneration
rElec  .         Spirit   .     (no ring)
rCorr  .         Warding  .     (no ring)
rMut   .         Stasis   .     (no ring)
MR     .....                    (no ring)
Stlth  ++........               (no ring)
                                (no ring)
                                (no ring)
                                (no ring)

@: appendage, not resistant to hostile enchantments, unstealthy
A: almost no armour, amphibious, 8 rings, constrict 8, tentacle spike 3,
camouflage 1, gelatinous body 1
a: End Transformation


You were on level 2 of the Dungeon.
You were not hungry.
One of your tentacles had a temporary spike.
You visited 1 branch of the dungeon, and saw 2 of its levels.

You collected 68 gold pieces.

Inventory:

Missiles
 a - 12 arrows
 j - 3 silver javelins (quivered)
Jewellery
 g - an amulet of regeneration (around mantle)
Scrolls
 d - a scroll of amnesia {unknown}
 f - 2 scrolls of remove curse {unknown}
 h - a scroll of identify {unknown}
 k - a scroll of teleportation {unknown}
 l - a scroll of enchant armour {unknown}
 n - a scroll of enchant weapon {unknown}
Potions
 e - a potion of magic
 m - a potion of curing {unknown}
Books
 b - a book of Changes

   Spells                             Type                      Level
   a - Beastly Appendage              Transmutation                1
   b - Sticks to Snakes               Transmutation                2
   c - Spider Form                    Transmutation/Poison         3
   d - Ice Form                       Ice/Transmutation            4
   e - Blade Hands                    Transmutation                5
Comestibles
 c - 2 bread rations
 i - 3 meat rations


   Skills:
 + Level 1.6 Fighting
 - Level 2.0 Dodging
 - Level 3.0 Unarmed Combat
 + Level 2.2 Spellcasting
 * Level 2.7 Transmutations


You had 2 spell levels left.
You knew the following spells:

 Your Spells              Type           Power        Failure   Level  Hunger
a - Beastly Appendage     Trmt           #.....       10%         1    #......
b - Sticks to Snakes      Trmt           #.........   12%         2    ###....


Dungeon Overview and Level Annotations

Branches:
Dungeon (2/15)

Altars:


Innate Abilities, Weirdness & Mutations

You cannot wear most types of armour.
You are amphibious.
You can wear up to eight rings at the same time.
You can use your tentacles to constrict eight enemies at once.
Your skin changes colour to match your surroundings (Stealth).
Your rubbery body absorbs attacks (AC +1).
One of your tentacles bears a large vicious spike.


Message History

One of your tentacles grows a vicious spike.
Found 2 fuming amethyst potions and 2 blue potions.
You tentacle-slap the adder but do no damage.
Your grab misses the adder. The adder bites you.
You miss the adder. Your grab misses the adder. The adder bites you.
You completely miss the adder. Your grab misses the adder.
Your squeeze misses the adder. The adder barely misses you.
You miss the adder. Your grab misses the adder.
You pierce the adder, but do no damage.
The adder bites you.
You closely miss the adder. You grab the adder.
You pierce the adder, but do no damage.
You constrict the adder, but do no damage.
The adder bites you.
* * * LOW HITPOINT WARNING * * *
The adder bites you.
* * * LOW HITPOINT WARNING * * *
You release your grip on the adder.
Drink which item? (? for menu, Esc to quit)
It was a potion of magic.
Magic courses through your body. The adder bites you.
You die...

..........# .#.!.......##
............###
..............#
...............
#.............
#.#...........
##.####S......!
#.....@........ .
#..............
..####..............
.....##.#........... ..
#....###...######
...#.......##[##
...#........#..##
#(...............# ..
#..........##..#.####.##...


You could see an adder.

Vanquished Creatures
  An ooze (D:1)
  3 giant cockroaches (D:1)
  A goblin (D:1)
  4 hobgoblins (D:1)
  4 kobolds
  A ball python (D:1)
  2 bats
  A rat (D:2)
17 creatures vanquished.

Notes
Turn   | Place    | Note
--------------------------------------------------------------
     0 | D:1      | oplop the Octopode Transmuter began the quest for the Orb.
     0 | D:1      | Reached XP level 1. HP: 13/13 MP: 3/3
    78 | D:1      | Reached XP level 2. HP: 16/18 MP: 3/5
   655 | D:2      | Learned a level 2 spell: Sticks to Snakes
   677 | D:2      | Slain by an adder

Action                   || total
-------------------------++-------
Melee: Unarmed           ||    51
 Cast: Beastly Appendage ||    13
  Use: Potion            ||     1
 Stab: Sleeping          ||     7
